 Dungeon Crawl Stone Soup version 0.31-a0-200-gbc41564c69 (webtiles) character file.

Game seed: 1179860603143720331

24 qw the Shooter (level 2, 0/16 HPs)
             Began as a Deep Elf Hunter on June 25, 2023.
             Succumbed to a goblin's poison
             ... on level 1 of the Dungeon.
             The game lasted 00:00:13 (697 turns).

qw the Shooter (Deep Elf Hunter)                     Turns: 697, Time: 00:00:13

Health: 0/16       AC:  3    Str:  8    XL:     2   Next: 79%
Magic:  4/4        EV: 12    Int: 13    God:
Gold:   28         SH:  0    Dex: 18    Spells: 1/1 levels left

rFire   . . .        a - +0 shortbow
rCold   . . .        (shield currently unavailable)
rNeg    . . .        c - +0 leather armour
rPois   .            (no helmet)
rElec   .            (no cloak)
rCorr   .            (no gloves)
SInv    .            (no boots)
Will    .....        (no amulet)
Stlth   ++           (no ring)
HPRegen 0.22/turn    (no ring)
MPRegen 0.09/turn

%: no passive effects
@: lethally poisoned (0 -> -3)
A: no striking features
a: no special abilities


You were on level 1 of the Dungeon.
You visited 1 branch of the dungeon, and saw 1 of its levels.

You collected 28 gold pieces.


   Skills:
 - Level 1.5 Fighting
 + Level 6.5 Ranged Weapons
 - Level 2.4 Dodging
 - Level 1.2 Stealth


You had one spell level left.
You didn't know any spells.
Your spell library was empty.

Inventory:

Hand Weapons
 a - a +0 shortbow (weapon)
Armour
 c - a +0 leather armour (worn)
 g - a +0 ring mail
 k - a +2 helmet
Scrolls
 b - a scroll of butterflies
 d - a scroll of acquirement {unknown}
 e - a scroll of enchant weapon {unknown}
 f - a scroll of immolation {unknown}
 h - a scroll of identify {unknown}
 i - a scroll of revelation {unknown}
 j - a scroll of vulnerability {unknown}

Dungeon Overview and Level Annotations

Branches:
Dungeon (1/15)

Altars:


Message History

Enter note: You shoot an arrow.
The arrow hits the ball python.
You kill the ball python!
You open the door.
A goblin and a kobold come into view.
The goblin is wielding a +1 dagger of venom.
The goblin shouts!
The kobold shouts!
Found a faded altar of an unknown god.
Enter note:
Enter note:
Enter note:
Enter note: You shoot an arrow.
The arrow completely misses the goblin.
The arrow hits the kobold but does no damage.
The goblin closely misses you.
You shoot an arrow. The arrow closely misses the goblin.
The arrow hits the kobold!
You kill the kobold!
The goblin hits you but does no damage.
You are poisoned.
You shoot an arrow. The arrow hits the goblin.
The goblin is severely wounded.
You feel sick.
The goblin hits you with a +1 dagger of venom.
You are lethally poisoned!
You shoot an arrow. The arrow hits the goblin!
You kill the goblin!
You feel very sick.
There is a lethal amount of poison in your body!
You feel very sick.
There is a lethal amount of poison in your body!
You feel sick.
There is a lethal amount of poison in your body!
You feel sick.
There is a lethal amount of poison in your body!
You feel sick.
There is a lethal amount of poison in your body!
You feel sick.
There is a lethal amount of poison in your body!
You die...

.....# #.# #.# ##
.....# #.# #.# #
.....# #.# ####.#
# .....# #.#
#....# # .....#
#.####....####
.....#
#.#.......##..
.....#
#####.#.########..
######
#.....#...........
#@###.##########..
#)# ### #.. #).
#.. #8## #..
######### #P. #..
........# #.# #..
#######.# ..# ###
#.# _.# #.##


There were no monsters in sight!

Vanquished Creatures
  4 ball pythons (D:1)
  A bat (D:1)
  4 endoplasms (D:1)
  A giant cockroach (D:1)
  4 goblins (D:1)
  A kobold (D:1)
  2 quokkas (D:1)
  A frilled lizard (D:1)
  A rat (D:1)
19 creatures vanquished.

Notes
Turn   | Place    | Note
-------+----------+-------------------------------------------
     0 | D:1      | qw the Deep Elf Hunter began the quest for the Orb.
     0 | D:1      | Reached XP level 1. HP: 12/12 MP: 3/3
     0 | D:1      | 0 ||| qw: Version: 0.3-a-22-g0ed2b0b
     0 | D:1      | 0 ||| qw: Game counter: 5486
     0 | D:1      | 0 ||| qw: Melee chars always use a shield: true
     0 | D:1      | 0 ||| qw: God list: Okawaru
     0 | D:1      | 0 ||| qw: Allow faded altars: false
     0 | D:1      | 0 ||| qw: Do Orc after clearing Dungeon:15 true
     0 | D:1      | 0 ||| qw: Do second Lair branch before Depths: true
     0 | D:1      | 0 ||| qw: Lair rune preference: random
     0 | D:1      | 0 ||| qw: Goals: Normal
     0 | D:1      | 0 ||| PLANNING D:1-11
   287 | D:1      | Reached skill level 6 in Ranged Weapons
   287 | D:1      | Reached XP level 2. HP: 16/16 MP: 4/4
   687 | D:1      | Found a faded altar of an unknown god.
   693 | D:1      | HP: 4/16 [poisoned by a goblin]
   695 | D:1      | HP: 1/16 [poisoned by a goblin]
   697 | D:1      | Succumbed to a goblin's poison

Levels and vault maps discovered:
D:1:      dpeg_arrival_line_fractal, layout_basic,
          shapermc_ecumenical_altar_ellora

Skill      XL: |  1 |
---------------+----+-----
Ranged Weapons | 6 |  6.5
Fighting       | |  1.5
Dodging        | |  2.4
Stealth        | |  1.2

Action                     || total
---------------------------++-------
   Fire: Shortbow          ||    52
 Armour: Leather armour    ||     8
  Dodge: Dodged            ||     7

Table legend:
 A = Non-vault XP
 B = Vault XP
 C = Vault XP percentage of total XP
 D = Non-vault monster count
 E = Vault monster count
 F = Vault count percentage of total count
                 A         B        C        D         E       F
            +---------+---------+-------+---------+---------+-------
      Total |      35 |       0 |   0.0 |      19 |       0 |   0.0
            +---------+---------+-------+---------+---------+-------
        D:1 |      35 |       0 |   0.0 |      19 |       0 |   0.0
            +---------+---------+-------+---------+---------+-------
